AoeStats
← T İ T A N

Black Forest

504757543Analyzed
4v4 RM · 26d ago on Sep 6, 2026· 58m 45s· 8 players
Game mode
Random Map
Map size
Large (8 player)
Population
200
Speed
Normal
Resources
Standard
Victory
Conquest
Starting age
Dark Age
Ending age
Imperial Age
RankedLock teamsTeams togetherTeam positionsShared explorationLock speedFull tech treeHidden civsTurbo modeCheats
Victory
Defeat
🇹🇷 Franks · Türkiye
753
+11
🇹🇷 Bulgarians · Türkiye
694
+13
🇹🇷 Italians · Türkiye
647
+15
🇨🇱 Aztecs · Chile
612
+17
🇮🇳 Vikings · India
696
-17
🇨🇳 Persians · China
629
-14
🇦🇷 Britons · Argentina
619
-13
🇮🇳 Teutons · India
587
-12
京圈狂人
13:23 Feudal Age
14:53 Double-Bit Axe
15:46 Wheelbarrow
20:21 Stone Mining
20:23 Gold Mining
21:08 Horse Collar
25:19 Castle Age
23:51 Fishing Lines
26:29 Bow Saw
30:13 Hand Cart
30:05 Heavy Plow
34:05 Gillnets
35:16 Gold Shaft Mining
35:19 Stone Shaft Mining
39:57 Imperial Age
37:48 Town Watch
40:38 Conscription
39:46 Elite War Elephant
41:41 Two-Man Saw
43:04 Crop Rotation
42:48 Town Patrol
Incognito3597
2:10 Loom
13:57 Feudal Age
14:34 Double-Bit Axe
15:26 Wheelbarrow
18:58 Horse Collar
26:34 Castle Age
25:38 Town Watch
27:28 Bow Saw
27:35 Hand Cart
27:21 Heavy Plow
27:14 Gold Mining
27:23 Stone Mining
27:39 Caravan
29:19 Stone Shaft Mining
32:00 Bloodlines
31:53 Squires
36:53 Imperial Age
34:31 Town Patrol
34:46 Town Patrol
36:30 Ironclad
35:56 Elite Skirmisher
35:59 Pikeman
37:09 Cavalier
38:53 Two-Man Saw
38:26 Crop Rotation
42:03 Crenellations
42:22 Conscription
42:20 Paladin
43:48 Fletching
44:12 Forging
44:03 Scale Mail Armor
44:09 Scale Barding Armor
44:05 Padded Archer Armor
45:29 Crenellations
45:30 Conscription
46:26 Bodkin Arrow
47:14 Hoardings
48:54 Chemistry
48:15 Ballistics
48:09 Masonry
50:56 Halberdier
54:22 Iron Casting
betalbaadshah
0:33 Loom
14:55 Feudal Age
16:30 Town Watch
16:36 Double-Bit Axe
16:53 Horse Collar
19:22 Forging
19:13 Scale Mail Armor
21:32 Castle Age
19:30 Gold Mining
19:35 Stone Mining
19:49 Fishing Lines
22:45 Town Patrol
24:20 Gillnets
27:50 Bow Saw
29:11 Heavy Plow
29:51 Gold Shaft Mining
30:58 Caravan
31:28 Coinage
34:45 Scale Barding Armor
34:56 Chain Mail Armor
35:17 Iron Casting
34:43 Padded Archer Armor
34:34 Fletching
35:10 Chieftains
35:03 Arson
35:19 Squires
35:04 Gambesons
34:40 Pikeman
41:47 Imperial Age
40:14 Leather Archer Armor
39:54 Bodkin Arrow
41:21 Elite Skirmisher
43:39 Two-Man Saw
43:13 Crop Rotation
43:28 Banking
43:56 Conscription
44:12 Hoardings
45:49 Plate Mail Armor
46:19 Blast Furnace
46:25 Elite Berserk
46:35 Elite Berserk
48:10 Ring Archer Armor
48:02 Chain Barding Armor
51:34 Bogsveigar
Maxi10cn6561
5:35 Loom
12:06 Feudal Age
13:24 Wheelbarrow
14:27 Gold Mining
14:37 Double-Bit Axe
15:14 Stone Mining
19:56 Horse Collar
26:04 Castle Age
24:12 Fishing Lines
24:54 Fletching
25:04 Padded Archer Armor
27:32 Heavy Plow
27:46 Bow Saw
28:36 Gold Shaft Mining
27:54 Gillnets
29:10 Caravan
36:41 Imperial Age
34:30 Hand Cart
36:56 Leather Archer Armor
36:38 Bodkin Arrow
37:47 Conscription
39:40 Ballistics
40:20 Chemistry
39:36 Bracer
40:06 Ring Archer Armor
41:15 Town Watch
41:02 Elite Longbowman
43:05 Masonry
42:36 Treadmill Crane
43:06 Fortified Wall
44:15 Fervor
45:04 Cavalier
56:14 Architecture
57:51 Hoardings
T İ T A N
8:13 Loom
11:40 Feudal Age
13:10 Double-Bit Axe
21:37 Castle Age
20:24 Gold Mining
20:26 Stone Mining
22:43 Bow Saw
23:19 Gold Shaft Mining
26:22 Wheelbarrow
25:33 Town Watch
28:12 Hand Cart
27:57 Town Patrol
30:20 Caravan
34:10 Imperial Age
35:13 Fortified Wall
35:12 Siege Engineers
35:32 Forging
35:27 Scale Barding Armor
35:13 Fletching
37:22 Chemistry
38:00 Conscription
38:36 Iron Casting
38:22 Chain Barding Armor
37:58 Bodkin Arrow
39:11 Hoardings
39:16 Husbandry
38:39 Light Cavalry
38:42 Cavalier
39:34 Chivalry
42:22 Blast Furnace
41:58 Plate Barding Armor
43:12 Ballistics
42:47 Murder Holes
43:03 Masonry
43:19 Herbal Medicine
43:25 Devotion
42:53 Paladin
44:10 Scale Mail Armor
44:10 Padded Archer Armor
49:04 Architecture
50:09 Chain Mail Armor
50:09 Leather Archer Armor
BURKUT
11:48 Feudal Age
12:16 Double-Bit Axe
15:13 Loom
20:07 Castle Age
22:48 Wheelbarrow
22:08 Stone Mining
22:14 Horse Collar
25:56 Gold Mining
28:06 Bow Saw
33:25 Imperial Age
33:10 Hand Cart
39:25 Two-Man Saw
38:27 Heavy Plow
39:05 Stone Shaft Mining
39:18 Caravan
39:49 Coinage
39:29 Guilds
40:29 Chemistry
39:15 Arrowslits
39:51 Ballistics
39:22 Heated Shot
39:48 Fortified Wall
41:08 Crop Rotation
44:19 Forging
44:09 Scale Mail Armor
44:15 Scale Barding Armor
44:10 Padded Archer Armor
44:00 Fletching
44:32 Masonry
44:02 Treadmill Crane
44:07 Elite Genoese Crossbowman
45:08 Silk Road
44:59 Pirotechnia
45:10 Conscription
51:10 Banking
53:43 Iron Casting
53:04 Bodkin Arrow
53:24 Leather Archer Armor
53:25 Chain Mail Armor
53:30 Chain Barding Armor
56:25 Plate Barding Armor
56:20 Plate Mail Armor
56:21 Ring Archer Armor
55:51 Bracer
56:52 Blast Furnace
SeçkinA.
0:28 Loom
12:39 Feudal Age
13:05 Double-Bit Axe
24:16 Castle Age
22:21 Horse Collar
22:40 Stone Mining
22:57 Gold Mining
25:12 Bow Saw
25:04 Heavy Plow
25:43 Gold Shaft Mining
25:44 Stone Shaft Mining
31:27 Scale Barding Armor
31:34 Forging
34:31 Imperial Age
33:26 Wheelbarrow
32:55 Fletching
33:41 Iron Casting
33:29 Chain Barding Armor
33:46 Caravan
34:45 Murder Holes
35:02 Masonry
34:59 Bodkin Arrow
35:47 Crop Rotation
36:05 Hand Cart
38:59 Elite Konnik
40:21 Plate Barding Armor
40:47 Blast Furnace
39:48 Bracer
40:37 Architecture
40:12 Town Watch
41:02 Town Patrol
41:07 Scale Mail Armor
47:09 Squires
46:55 Gambesons
46:30 Pikeman
50:49 Stirrups
50:58 Bagains
51:19 Conscription
51:37 Halberdier
Gohan
1:23 Loom
11:08 Feudal Age
12:56 Horse Collar
13:11 Double-Bit Axe
13:16 Horse Collar
17:51 Wheelbarrow
17:02 Town Watch
19:42 Castle Age
18:54 Wheelbarrow
18:05 Town Watch
18:16 Stone Mining
18:22 Gold Mining
20:25 Heavy Plow
26:31 Bow Saw
28:21 Hand Cart
28:07 Town Patrol
29:30 Gambesons
29:06 Pikeman
29:46 Squires
29:32 Arson
31:00 Stone Shaft Mining
31:02 Gold Shaft Mining
32:57 Town Patrol
33:52 Atlatl
33:17 Crossbowman
33:19 Elite Skirmisher
33:56 Fletching
34:17 Forging
34:07 Scale Mail Armor
34:08 Padded Archer Armor
34:11 Caravan
34:44 Coinage
35:04 Murder Holes
34:50 Treadmill Crane
35:41 Ballistics
35:34 Fortified Wall
35:15 Guard Tower
39:38 Iron Casting
39:18 Chain Mail Armor
38:59 Bodkin Arrow
39:20 Leather Archer Armor
42:13 Heated Shot
45:03 Imperial Age
46:08 Conscription
46:09 Garland Wars
45:09 Elite Jaguar Warrior
45:58 Capped Ram
48:14 Chemistry
49:31 Siege Ram
52:34 Crop Rotation
Connection lost

Rejoining the realm…

Still unreachable

The connection could not be restored.

Session expired

The server has moved on; the page needs a fresh start.